 Dungeon Crawl Stone Soup version 0.21.0 (webtiles) character file.

2335 Aksej the Grappler (level 9, -1/71 (72) HPs)
             Began as a Ghoul Monk on Jan 7, 2018.
             Slain by a shadow (4 damage)
             ... on level 8 of the Dungeon.
             The game lasted 00:18:14 (4164 turns).

Aksej the Grappler (Ghoul Monk)                     Turns: 4164, Time: 00:18:15

HP:   -1/71 (72)    AC: 14    Str: 15    XL:     9   Next: 42%
MP:   8/8           EV: 14    Int:  5    God:
Gold: 269           SH:  0    Dex: 14    Spells: 8/8 levels left

rFire    . . .     SeeInvis .   a - +7 flail (protect)
rCold    + . .     Gourm    .   (no shield)
rNeg     + + +     Faith    .   o - +2 robe
rPois    ∞         Spirit   .   (no helmet)
rElec    .         Reflect  .   p - +2 cloak
rCorr    +         Harm     .   (no gloves)
MR       .....                  (no boots)
Stlth    +++.......             (no amulet)
HPRegen  0.00/turn              d - ring of resist corrosion
MPRegen  0.11/turn              (no ring)

@: protection aura, very slightly contaminated, rotting
A: rotting body, claws 1, carnivore, cold resistance 1, negative energy
resistance 3, inhibited regeneration, torment resistance, unbreathing
a: no special abilities


You were on level 8 of the Dungeon.
You were not hungry.

You visited 1 branch of the dungeon, and saw 8 of its levels.

You collected 269 gold pieces.

Inventory:

Hand Weapons
 a - a +7 flail of protection (weapon)
Missiles
 e - 4 tomahawks (quivered)
Armour
 o - a +2 robe (worn)
 p - a +2 cloak (worn)
Jewellery
 d - a ring of resist corrosion (left claw)
 n - an uncursed amulet of the gourmand {unknown}
Wands
 c - a wand of random effects (36)
 g - a wand of flame (6)
 i - a wand of disintegration (6)
Scrolls
 b - a scroll of remove curse
 f - a scroll of amnesia
 k - a scroll of teleportation
 l - a scroll of enchant armour
Potions
 h - a potion of curing
 j - a potion of resistance


   Skills:
 + Level 4.4 Fighting
 * Level 1.3 Maces & Flails
 + Level 0.4 Throwing
 * Level 4.8 Dodging
 + Level 4.7 Stealth
 + Level 11.5 Unarmed Combat
 + Level 0.5 Evocations


You had 8 spell levels left.
You didn't know any spells.

Dungeon Overview and Level Annotations

Branches:
Dungeon (8/15)
 Temple: D:4-7         Lair: D:8-11

Altars:
Cheibriados
Dithmenos
Hepliaklqana
Sif Muna
Yredelemnul


Innate Abilities, Weirdness & Mutations

Your body is rotting away.
You thrive on raw meat.
You are immune to poison.
You have sharp fingernails.
You are carnivorous and can eat meat at any time.
Your flesh is cold resistant. (rC+)
You are immune to negative energy. (rN+++)
You do not regenerate when monsters are visible.
You are immune to unholy pain and torment.
You can survive without breathing.


Message History

The shadow is severely damaged.
The shadow hits you.
* * * LOW HITPOINT WARNING * * *
The shadow slips into darkness.
The shadow flickers and vanishes!
Deactivating autopickup; reactivate with Ctrl-A.
You aren't carrying any food.
You barely miss something.
You flicker back into view.
The adder hisses angrily.
The shadow strikes at you from the darkness!
Reactivating autopickup.
You completely miss the shadow.
The shadow is severely damaged.
The shadow misses you.
You hit the shadow.
The shadow is almost destroyed.
The worker ant twitches its antennae in your direction.
The shadow barely misses you. The shadow hits you.
You die...

#### .... #.a.
... ... .
#.######...
.#..#..........
......W@S......
##.###.........
#######... .


You could see a shadow, a worker ant and an adder.

Vanquished Creatures
  The ghost of Harunobu the Ducker, an amateur TrFi (D:4)
  A troll (D:7)
  Sigmund (D:4)
  Menkaure (D:6)
  Edmund (D:5)
  2 ice beasts
  3 ogres
  A bullfrog (D:4)
  A scorpion (D:6)
  A howler monkey (D:5)
  2 crimson imps
  2 bullfrog zombies
  3 jellies
  An orc priest (D:5)
  Crazy Yiuf (D:5)
  A hound (D:7)
  An iguana (D:4)
  Ijyb (D:5)
  3 bullfrog skeletons
  4 worker ants
  7 gnolls
  A howler monkey skeleton (D:6)
  11 adders
  3 oozes
  2 adder zombies
  An adder skeleton (D:6)
  8 worms
  9 leopard geckos
  6 orcs
  4 giant cockroaches
  11 goblins
  8 hobgoblins
  12 jackals
  5 quokkas
  A ball python (D:4)
  7 bats
  A frilled lizard (D:4)
  5 kobolds
  A leopard gecko skeleton (D:5)
  A leopard gecko zombie (D:5)
  5 rats
141 creatures vanquished.

Notes
Turn   | Place    | Note
-------+----------+-------------------------------------------
     0 | D:1      | Aksej the Ghoul Monk began the quest for the Orb.
     0 | D:1      | Reached XP level 1. HP: 19/19 MP: 0/0
    69 | D:1      | Reached XP level 2. HP: 22/26 MP: 1/1
   219 | D:1      | Reached skill level 4 in Unarmed Combat
   219 | D:1      | Reached XP level 3. HP: 24/33 MP: 2/2
   538 | D:2      | Reached XP level 4. HP: 24/40 MP: 3/3
   800 | D:2      | Reached skill level 5 in Unarmed Combat
   804 | D:2      | Reached XP level 5. HP: 18/46 MP: 4/4
  1108 | D:2      | Found a hazy altar of Hepliaklqana.
  1131 | D:2      | Found a shadowy altar of Dithmenos.
  1132 | D:2      | Found a snail-covered altar of Cheibriados.
  1134 | D:2      | Found a basalt altar of Yredelemnul.
  1137 | D:2      | Found a deep blue altar of Sif Muna.
  1915 | D:4      | Noticed an ogre
  1925 | D:4      | Killed an ogre
  1925 | D:4      | Reached skill level 6 in Unarmed Combat
  1925 | D:4      | Reached XP level 6. HP: 37/52 MP: 5/5
  1989 | D:4      | Noticed Harunobu's ghost (amateur TrFi)
  2007 | D:4      | Killed Harunobu's ghost
  2007 | D:4      | Reached skill level 7 in Unarmed Combat
  2007 | D:4      | Reached XP level 7. HP: 27/58 MP: 6/6
  2268 | D:4      | Reached skill level 8 in Unarmed Combat
  2295 | D:4      | Noticed Sigmund
  2322 | D:4      | Killed Sigmund
  2322 | D:4      | Reached XP level 8. HP: 17/66 MP: 7/7
  2528 | D:5      | Entered Level 5 of the Dungeon
  2528 | D:5      | Noticed Ijyb
  2590 | D:4      | Reached skill level 9 in Unarmed Combat
  2610 | D:5      | Killed Ijyb
  2799 | D:5      | Found a runed door.
  2829 | D:5      | Noticed Edmund
  3331 | D:6      | Got a fine robe
  3342 | D:6      | Identified the +2 robe "Oceogg" {*Slow rC+ Int+4 Dex+4} (You found it on level 6 of the Dungeon)
  3366 | D:6      | Noticed Menkaure
  3377 | D:6      | Killed Menkaure
  3377 | D:6      | Reached skill level 10 in Unarmed Combat
  3485 | D:6      | Reached XP level 9. HP: 40/72 MP: 8/8
  3621 | D:5      | Reached skill level 11 in Unarmed Combat
  3722 | D:5      | Killed Edmund
  3861 | D:5      | Noticed Crazy Yiuf
  3867 | D:5      | Killed Crazy Yiuf
  4112 | D:7      | Found a runed door.
  4119 | D:7      | Noticed a troll
  4127 | D:7      | Noticed a kobold demonologist
  4133 | D:7      | Killed a troll
  4133 | D:7      | Reached skill level 1 in Maces & Flails
  4161 | D:8      | HP: 3/71 [shadow (3)]
  4164 | D:8      | Slain by a shadow

Skill      XL: |  1  2  3  4  5  6  7  8  9 |
---------------+----------------------------+-----
Unarmed Combat | 4 5 6 7 8 10 11 | 11.5
Dodging        | 3 4 |  4.8
Stealth        | 3 4 |  4.7
Fighting       | 4 |  4.4
Maces & Flails | 1 |  1.3
Throwing       | |  0.4
Evocations     | |  0.5

Action                   |  1- 3 |  4- 6 |  7- 9 || total
-------------------------+-------+-------+-------++-------
Melee: Unarmed           |    81 |   188 |   255 ||   524
       Punch             |       |     7 |    11 ||    18
       Flail             |       |       |    31 ||    31
Throw: Tomahawk          |       |     2 |     2 ||     4
Evoke: Wand              |       |       |     8 ||     8
  Use: Scroll            |     4 |     5 |    12 ||    21
       Potion            |       |     4 |     5 ||     9
 Stab: Sleeping          |     3 |     9 |     8 ||    20
       Invisible         |       |       |     2 ||     2
  Eat: Chunk             |    16 |    29 |    44 ||    89
       Ration            |       |       |    12 ||    12
Armor: Robe              |    12 |    25 |    47 ||    84
Dodge: Dodged            |    48 |    85 |   225 ||   358
